 Dungeon Crawl Stone Soup version 0.21-a0-440-g28109cb (webtiles) character file.

38 AverageBear the Cutter (level 3, 13/22 HPs)
             Began as a Deep Elf Fighter on Nov 11, 2017.
             Quit the game on level 2 of the Dungeon.
             The game lasted 00:00:54 (1255 turns).

AverageBear the Cutter (Deep Elf Fighter)           Turns: 1255, Time: 00:00:55

Health: 13/22      AC:  6    Str: 14    XL:     3   Next: 25%
Magic:  5/5        EV:  6    Int: 12    God:
Gold:   63         SH:  8    Dex: 14    Spells: 2/2 levels left

rFire    . . .     SeeInvis .   a - +1 rapier
rCold    . . .     Gourm    .   c - +0 shield
rNeg     . . .     Faith    .   b - +0 scale mail
rPois    .         Spirit   .   (no helmet)
rElec    .         Reflect  .   (no cloak)
rCorr    .         Harm     .   (no gloves)
MR       .....     Rnd*Tele +   (no boots)
Stlth    ..........             (no amulet)
HPRegen  0.07/turn              i - ring of teleportation (curse)
MPRegen  0.09/turn              (no ring)

@: mildly poisoned (13 -> 12)
A: no striking features
a: no special abilities


You were on level 2 of the Dungeon.
You were not hungry.

You visited 1 branch of the dungeon, and saw 2 of its levels.

You collected 63 gold pieces.

Inventory:

Hand Weapons
 a - a +1 rapier (weapon)
Armour
 b - a +0 scale mail (worn)
 c - a +0 shield (worn)
Jewellery
 i - a cursed ring of teleportation (left hand)
Potions
 d - a potion of might
 e - a potion of invisibility {unknown}
 h - a potion of haste {unknown}
 m - a potion of curing {unknown}
 o - a potion of mutation {unknown}
Comestibles
 f - a bread ration
 g - a meat ration
 k - 3 fruits
 p - a chunk of flesh


   Skills:
 - Level 2.4 Fighting
 + Level 3.7 Short Blades
 - Level 2.4 Armour
 - Level 2.4 Shields


You had 2 spell levels left.
You didn't know any spells.

Dungeon Overview and Level Annotations

Branches:
Dungeon (2/15)

Altars:


Message History

No target in view!
No target in view!
Drop what? 13/52 slots (_ for help) (? for menu, Esc to quit)
Okay, then.
You feel sick.
You now have 52 gold pieces (gained 16).
You feel sick.
You now have 63 gold pieces (gained 11).
You feel sick.
A frilled lizard comes into view.
The frilled lizard hisses angrily.
You miss the frilled lizard. The frilled lizard bites you.
A frilled lizard is nearby!
You are too injured to fight recklessly!
A frilled lizard is nearby!
You are too injured to fight recklessly!
A frilled lizard is nearby!
You are too injured to fight recklessly!
You are too injured to fight recklessly!
Are you sure you want to abandon this character and quit the game? (Confirm with "yes".)

# #..# #..# #..## ....
## #..# #. #..#
#.##.############..###
#....@...............#
####l########.....##.#
#. #.##### #. ...# #.
#.### #. #. #. # #.


You could see a frilled lizard.

Vanquished Creatures
  An ooze (D:1)
  4 bats (D:1)
  2 giant cockroaches (D:1)
  3 goblins (D:1)
  3 hobgoblins (D:1)
  4 jackals (D:1)
  10 kobolds
  3 frilled lizards (D:1)
  A rat (D:1)
31 creatures vanquished.

Notes
Turn   | Place    | Note
-------+----------+-------------------------------------------
     0 | D:1      | AverageBear the Deep Elf Fighter began the quest for the Orb.
     0 | D:1      | Reached XP level 1. HP: 13/13 MP: 3/3
   137 | D:1      | Reached XP level 2. HP: 18/18 MP: 4/4
   262 | D:1      | Reached skill level 3 in Short Blades
   708 | D:1      | Reached XP level 3. HP: 18/22 MP: 5/5
  1255 | D:2      | Quit the game

Vault maps used:
D:1:      sevenhm_arrival_forest_fort_small_4, minmay_pentomino_z4
D:2:      corexii_shack

Skill      XL: |  1  2 |
---------------+-------+-----
Short Blades   | 3 |  3.7
Fighting       | |  2.4
Armour         | |  2.4
Shields        | |  2.4

Action                   || total
-------------------------++-------
Melee: Rapier            ||   117
  Use: Scroll            ||     4
  Eat: Chunk             ||     1
Armor: Scale mail        ||    59
Dodge: Dodged            ||    38
Block: Shield            ||    64

Table legend:
 A = Spawn XP
 B = Non-spawn XP
 C = Spawn XP percentage of total XP
 D = Spawn monster count
 E = Non-spawn monster count
 F = Spawn count percentage of total count
 G = Total turns spent on level
                    A         B        C        D         E        F      G
               +---------+---------+-------+---------+---------+-------+---------
         Total |       0 |      55 |   0.0 |       0 |      31 |   0.0 |  1255
               +---------+---------+-------+---------+---------+-------+---------
           D:1 |       0 |      54 |   0.0 |       0 |      30 |   0.0 |  1224
           D:2 |       0 |       1 |   0.0 |       0 |       1 |   0.0 |    31
               +---------+---------+-------+---------+---------+-------+---------
